 Dungeon Crawl Stone Soup version 0.25-a0-287-g56a5b49 (webtiles) character file.

Game seed: 124511066754146635, levelgen mode: deterministic

6910 CanOfBees the Archer (level 10, -1/90 HPs)
             Began as a Centaur Hunter on Dec 12, 2019.
             Was an Elder of Okawaru.
             Slain by a wyvern (3 damage)
             ... on level 10 of the Dungeon.
             The game lasted 00:24:35 (18201 turns).

CanOfBees the Archer (Centaur Hunter)              Turns: 18201, Time: 00:24:35

Health: -1/90      AC: 11    Str: 25    XL:     10   Next: 79%
Magic:  15/15      EV:  7    Int: 10    God:    Okawaru [****..]
Gold:   470        SH:  0    Dex: 12    Spells: 9/9 levels left

rFire    . . .     SeeInvis .   b - +3 war axe (freeze)
rCold    + . .     Gourm    .   (no shield)
rNeg     . . .     Faith    .   l - +0 chain mail
rPois    .         Spirit   .   p - +0 helmet
rElec    .         Reflect  .   (no cloak)
rCorr    .         Harm     .   s - +0 pair of gloves
MR       .....                  (no barding)
Stlth    ..........             z - amulet of the acrobat
HPRegen  0.25/turn              J - +2 ring of strength
MPRegen  0.14/turn              c - ring of protection from cold

@: mighty, very quick
A: large, hooves 3, agile 1, deformed body, speed 2, tough skin 3
a: Heroism, Renounce Religion


You were on level 10 of the Dungeon.
You worshipped Okawaru.
Okawaru was greatly pleased with you.
You were not hungry.

You visited 2 branches of the dungeon, and saw 11 of its levels.

You collected 470 gold pieces.

Inventory:

Hand Weapons
 a - a +0 longbow
 b - a +3 war axe of freezing (weapon)
 g - a +0 hand axe of electrocution
 h - a +1 hand axe of venom
 F - a cursed +3 great sword
 H - a +2 short sword of speed
Missiles
 d - 110 arrows
 q - a throwing net
 y - 29 poisoned darts (quivered)
 B - 2 curare-tipped darts
 C - 4 atropa-tipped darts
Armour
 l - a +0 chain mail (worn)
 p - a +0 helmet (worn)
 s - a +0 pair of gloves (worn)
Jewellery
 c - a ring of protection from cold (right hand)
 n - an uncursed ring of magical power
 t - an uncursed amulet of guardian spirit
 x - the ring "Lizoq" {rN++ MR+ Str-2}
   (You found it on level 4 of the Dungeon)

   [ring of protection from magic]

   It affects your strength (-2).
   It greatly protects you from negative energy.
   It affects your resistance to hostile enchantments.
 z - an amulet of the acrobat (around neck)
 D - an uncursed ring of flight
 J - a +2 ring of strength (left hand)
Wands
 i - a wand of random effects (12)
 w - a wand of enslavement (10)
 L - a wand of polymorph (10)
Scrolls
 e - a scroll of immolation
 j - a scroll of magic mapping
 k - a scroll of amnesia
 m - 6 scrolls of teleportation
 r - 4 scrolls of remove curse
 A - a scroll of enchant armour {unknown}
 G - a scroll of summoning {unknown}
 I - 2 scrolls of fog
Potions
 o - 3 potions of flight
 v - a potion of magic
 E - a potion of brilliance
 N - a potion of mutation
Comestibles
 f - 12 rations
 K - 5 chunks of flesh


   Skills:
 + Level 8.9 Fighting
 + Level 12.1 Bows
 + Level 6.5 Armour
 - Level 3.0 Dodging
 - Level 0.4 Stealth
 + Level 6.8 Invocations


You had 9 spell levels left.
You didn't know any spells.
Your spell library contained the following spells:

 Spells                   Type           Power        Failure   Level  Hunger
 Magic Dart               Conj           #...         92%         1    ##.....
 Blink                    Tloc           N/A          98%         2    ###....
 Call Imp                 Summ           #.......     98%         2    ###....
 Searing Ray              Conj           #.....       98%         2    ###....
 Slow                     Hex            #.......     98%         2    ###....
 Conjure Flame            Conj/Fire      #.......     100%        3    ####...
 Dazzling Flash           Conj/Hex       #.....       100%        3    ####...
 Mephitic Cloud           Conj/Pois/Air  #.......     100%        3    ####...
 Fulminant Prism          Conj/Hex       #.........   100%        4    #####..
 Iskenderun's Mystic Bla  Conj/Tloc      #.......     100%        4    #####..


Dungeon Overview and Level Annotations

Branches:
Dungeon (10/15)            Temple (1/1) D:6            Lair (0/6) D:8
    Orc: D:9-12

Altars:
Ashenzari
Cheibriados
Dithmenos
Elyvilon
Fedhas
Gozag
Hepliaklqana
Kikubaaqudgha
Makhleb
Nemelex Xobeh
Okawaru
Qazlal
Ru
Sif Muna
Trog
Uskayaw
Vehumet
Wu Jian
Xom
Yredelemnul
Zin
The Shining One


Innate Abilities, Weirdness & Mutations

You have hooves in place of feet.
Armour fits poorly on your strangely shaped body.
You cover ground very quickly.
You have extremely tough skin. (AC +3)
You are agile. (Dex +2)


Message History

* * * LOW HITPOINT WARNING * * *
The wyvern completely misses you.
You feel better. The wyvern bites you!
* * * LOW HITPOINT WARNING * * *
You closely miss the wyvern.
The wyvern is severely wounded.
The wyvern barely misses you. The wyvern bites you.
* * * LOW HITPOINT WARNING * * *
The wyvern closely misses you.
Evoke which item? (* to show all) (? for menu, Esc to quit)
Okay, then.
Okay, then.
Okay, then.
It was a potion of mutation.
You feel extremely strange.
You feel agile.
You feel clumsy.
You feel agile.
The wyvern bites you but does no damage.
It was a potion of might.
You feel very mighty all of a sudden. The wyvern barely misses you.
The wyvern bites you.
You die...

#.......##.#
#...(......##
#...(.......#
..###...........
.......(........
#.... #.(.......
.$...##.(...#.##
##....#..l†.###
#%.......@....#
###........(...###
.........(........
#.......)........
#...........#..##
.##..........##....
.......<(...(.#....
......()..........#
.....()(....##...


You could see a wyvern.

Vanquished Creatures
  2 two-headed ogres
  2 trolls (D:9)
  4 hogs
  A human (D:7)
  A water moccasin (D:9)
  3 black bears
  3 sky beasts
  An ice beast (D:6)
  4 orc warriors
  An ogre (D:6)
  5 phantoms
  A centaur (D:7)
  A big kobold (D:7)
  3 bullfrogs
  A gnoll sergeant (D:9)
  2 scorpions
  4 wights (D:6)
  9 killer bees
  5 howler monkeys
  A crimson imp (D:7)
  4 bullfrog skeletons
  2 centaur skeletons
  6 jellies
  7 orc priests
  3 hounds
  3 iguanas
  7 orc wizards
  3 worker ants
  2 hound skeletons (D:4)
  Robin (D:1)
  14 gnolls
  14 adders
  3 shadow imps
  3 adder skeletons
  5 worms
  2 dart slugs (D:1)
  6 leopard geckos
  41 orcs
  3 ball pythons
  3 bat zombies (D:4)
  7 giant cockroaches
  12 goblins
  13 hobgoblins
  7 jackals
  5 quokkas
  9 bats
  6 frilled lizards
  A jackal skeleton (D:4)
  13 kobolds
  A leopard gecko zombie (D:5)
  15 rats
  A rat zombie (D:4)
  A plant (D:2)
277 creatures vanquished.

Vanquished Creatures (others)
  An orc wizard (D:10)
  An orc (D:5)
  A bat zombie (D:4)
3 creatures vanquished.

Grand Total: 280 creatures vanquished

Notes
Turn   | Place    | Note
-------+----------+-------------------------------------------
     0 | D:1      | CanOfBees the Centaur Hunter began the quest for the Orb.
     0 | D:1      | Reached XP level 1. HP: 17/17 MP: 1/1
   215 | D:1      | Reached XP level 2. HP: 21/24 MP: 2/2
  1057 | D:2      | Reached XP level 3. HP: 29/30 MP: 3/3
  1356 | D:2      | Reached skill level 1 in Armour
  1768 | D:2      | Reached XP level 4. HP: 25/37 MP: 4/4
  1855 | D:2      | Reached skill level 6 in Bows
  1878 | D:2      | Noticed Robin
  2597 | D:1      | Killed Robin
  3086 | D:2      | Reached XP level 5. HP: 45/45 MP: 5/5
  4025 | D:2      | Found a bloodstained altar of Trog.
  5359 | D:3      | Reached XP level 6. HP: 51/51 MP: 6/6
  5720 | D:3      | Found a shadowy altar of Dithmenos.
  6032 | D:3      | Noticed a moth of wrath
  6035 | D:3      | Found a bloodstained altar of Trog.
  6126 | D:4      | Found a shimmering altar of Xom.
  6663 | D:4      | Reached skill level 7 in Bows
  6756 | D:4      | Found a burning altar of Makhleb.
  7679 | D:4      | Reached XP level 7. HP: 59/59 MP: 7/7
  8075 | D:4      | Found a stormy altar of Qazlal.
  8241 | D:4      | Found an ancient bone altar of Kikubaaqudgha.
  8288 | D:4      | Got a smoking wooden ring
  8325 | D:4      | Found a shimmering blue altar of Sif Muna.
  8353 | D:5      | Entered Level 5 of the Dungeon
  8423 | D:5      | Identified the ring "Lizoq" {rN++ MR+ Str-2} (You found it
                  | on level 4 of the Dungeon)
  9706 | D:5      | Reached skill level 8 in Bows
 10219 | D:5      | Reached skill level 5 in Fighting
 10666 | D:6      | Reached XP level 8. HP: 56/68 MP: 8/8
 11341 | D:6      | Reached skill level 9 in Bows
 11472 | D:6      | Found a staircase to the Ecumenical Temple.
 11535 | Temple   | Entered the Ecumenical Temple
 11969 | Temple   | Became a worshipper of Warmaster Okawaru
 12401 | D:6      | Reached skill level 1 in Invocations
 13159 | D:7      | Reached XP level 9. HP: 76/78 MP: 8/10
 13444 | D:7      | Reached * piety under Okawaru
 13487 | D:7      | Reached skill level 10 in Bows
 14450 | D:7      | Reached skill level 5 in Armour
 14823 | D:7      | Reached ** piety under Okawaru
 15335 | D:8      | Found a staircase to the Lair.
 15426 | D:8      | Noticed a two-headed ogre
 15434 | D:8      | Killed a two-headed ogre
 15434 | D:8      | Reached skill level 11 in Bows
 15434 | D:8      | Reached skill level 5 in Invocations
 15434 | D:8      | Reached XP level 10. HP: 88/88 MP: 13/13
 16806 | D:9      | Found a bloodstained altar of Trog.
 16876 | D:9      | Found a glowing silver altar of Zin.
 16876 | D:9      | Found a white marble altar of Elyvilon.
 16898 | D:9      | Found a sparkling altar of Nemelex Xobeh.
 16900 | D:9      | Found a faded altar of an unknown god.
 16902 | D:9      | Found a faded altar of an unknown god.
 17355 | D:9      | Reached *** piety under Okawaru
 17579 | D:9      | Received a gift from Okawaru
 17906 | D:10     | Entered Level 10 of the Dungeon
 18158 | D:10     | Noticed a two-headed ogre
 18163 | D:10     | Killed a two-headed ogre
 18163 | D:10     | Reached **** piety under Okawaru
 18163 | D:10     | Reached skill level 12 in Bows
 18199 | D:10     | HP: 1/90 [wyvern (4)]
 18200 | D:10     | Gained mutation: You are agile. (Dex +2) [potion of
                  | mutation]
 18200 | D:10     | Lost mutation: You are agile. (Dex +2) [potion of mutation]
 18200 | D:10     | Gained mutation: You are agile. (Dex +2) [potion of
                  | mutation]
 18201 | D:10     | Slain by a wyvern

Levels and vault maps discovered:
D:1:      dpeg_arrival_ratfight, layout_loops_cross, minmay_door_square,
          minmay_tromino_v4_b
D:2:      layout_basic, lightli_temple_of_fire, first_ration,
          lexackson_kobold_supper, uniq_robin
D:3:      layout_basic, nicolae_dithmenos_shadow_blocks, tgw_trog
D:4:      layout_rooms, lemuel_round_altar, bloody_makhleb, xom_butterflies,
          lemuel_zombie_altar_kikubaaqudgha, nicolae_overflow_hidden_temple
D:5:      layout_basic
D:6:      layout_basic, minmay_temple_entry_offerings
D:7:      layout_gridville, grunt_livestock
D:8:      layout_basic, lair_entry_dummy,
          hangedman_abyss_or_decor_jellyfish_corner, corexii_leaking_fountain
D:9:      layout_small_grid, chequers_temple_overflow_minitemple,
          lemuel_tele_altar
D:10:     layout_cave_pools, amethyst_killhole, lemuel_old_faithful
Temple:   minmay_temple_forest_path

Skill      XL: |  1  2  3  4  5  6  7  8  9 10 |
---------------+-------------------------------+-----
Armour         | 1 2 3 4 5 6 |  6.5
Dodging        | 2 3 |  3.0
Bows           | 6 7 8 9 11 12 | 12.1
Fighting       | 3 4 5 6 7 8 |  8.9
Invocations    | 2 5 6 |  6.8
Stealth        | |  0.4

Action                   |  1- 3 |  4- 6 |  7- 9 | 10-12 || total
-------------------------+-------+-------+-------+-------++-------
Melee: Short sword       |   103 |   180 |     7 |     1 ||   291
       Kick              |    16 |    82 |    61 |    21 ||   180
       Hand axe          |       |   156 |   265 |    29 ||   450
       War axe           |       |       |    38 |    50 ||    88
 Fire: Shortbow          |     6 |    24 |   123 |    49 ||   202
       Longbow           |       |       |       |    84 ||    84
Throw: Dart              |       |       |    15 |       ||    15
Invok: Heroism           |       |       |       |     1 ||     1
Evoke: Wand              |       |     1 |     7 |       ||     8
  Use: Scroll            |     6 |     4 |     5 |     1 ||    16
       Potion            |     1 |     1 |     4 |     3 ||     9
  Eat: Chunk             |     2 |    16 |    22 |     8 ||    48
Armor: Leather armour    |    32 |       |       |       ||    32
       Ring mail         |     8 |    18 |       |       ||    26
       Chain mail        |       |   240 |   272 |    93 ||   605
       Skin              |       |     7 |    30 |       ||    37
       Scale mail        |       |    30 |       |       ||    30
Dodge: Dodged            |    61 |   147 |   126 |    47 ||   381

Table legend:
 A = Non-vault XP
 B = Vault XP
 C = Vault XP percentage of total XP
 D = Non-vault monster count
 E = Vault monster count
 F = Vault count percentage of total count
                 A         B        C        D         E       F
            +---------+---------+-------+---------+---------+-------
      Total |    8789 |    1083 |  11.0 |     238 |      41 |  14.7
            +---------+---------+-------+---------+---------+-------
        D:1 |      41 |      37 |  47.4 |      16 |      15 |  48.4
        D:2 |     167 |      19 |  10.2 |      28 |      11 |  28.2
        D:3 |     313 |       9 |   2.8 |      40 |       5 |  11.1
        D:4 |     361 |       9 |   2.4 |      21 |       5 |  19.2
        D:5 |     318 |       0 |   0.0 |      20 |       0 |   0.0
        D:6 |    1390 |     207 |  13.0 |      33 |       1 |   2.9
        D:7 |    1107 |     802 |  42.0 |      28 |       4 |  12.5
        D:8 |    1555 |       0 |   0.0 |      16 |       0 |   0.0
        D:9 |    2101 |       0 |   0.0 |      28 |       0 |   0.0
       D:10 |    1436 |       0 |   0.0 |       8 |       0 |   0.0
            +---------+---------+-------+---------+---------+-------
